 Dungeon Crawl Stone Soup version 0.28-a0-1616-g050a50673c (webtiles) character file.

Game seed: 12388796212901782527

21 grumblor the Skirmisher (level 2, -5/24 HPs)
             Began as a Mummy Fighter on Jan 22, 2022.
             Slain by Natasha (7 damage)
             ... on level 2 of the Dungeon.
             The game lasted 00:00:51 (1180 turns).

grumblor the Skirmisher (Mummy Fighter)             Turns: 1180, Time: 00:00:52

Health: -5/24      AC:  7    Str: 19    XL:     2   Next: 65%
Magic:  2/2        EV:  9    Int:  7    God:
Gold:   42         SH:  4    Dex: 11    Spells: 1/1 levels left

rFire   . . .      SeeInvis .   a - +0 war axe
rCold   + . .      Faith    .   c - +0 buckler
rNeg    + + +      Spirit   .   b - +0 scale mail
rPois   ∞          Reflect  .   (no helmet)
rElec   .          Harm     .   (no cloak)
rCorr   .          Rampage  .   (no gloves)
Will    .....                   h - +0 pair of boots
Stlth   ..........              (no amulet)
HPRegen 0.08/turn               e - ring of protection from fire
MPRegen 0.08/turn               (no ring)

@: no status effects
A: cold resistance 1, negative energy resistance 3, torment resistance 2, heat
vulnerability 1, no potions
a: no special abilities


You were on level 2 of the Dungeon.
You visited 1 branch of the dungeon, and saw 2 of its levels.

You collected 42 gold pieces.

Inventory:

Hand Weapons
 a - a +0 war axe (weapon)
Missiles
 d - 4 javelins (quivered)
Armour
 b - a +0 scale mail (worn)
 c - a +0 buckler (worn)
 h - a +0 pair of boots (worn)
Jewellery
 e - a ring of protection from fire (left hand)
Scrolls
 f - a scroll of amnesia {unknown}
 g - 2 scrolls of teleportation {unknown}


   Skills:
 * Level 3.5 Fighting
 + Level 1.8 Axes
 * Level 0.3 Throwing
 - Level 2.4 Armour
 * Level 0.4 Dodging
 - Level 2.4 Shields


You had one spell level left.
You didn't know any spells.
Your spell library contained the following spells:

 Spells                   Type           Power      Damage    Failure   Level
 Ozocubu's Armour         Ice            0%         N/A       99%         3
 Metabolic Englaciation   Hex/Ice        0%         N/A       100%        5
 Simulacrum               Ice/Necr       0%         N/A       100%        6


Dungeon Overview and Level Annotations

Branches:
Dungeon (2/15)

Altars:

Annotations:
D:2 Natasha


Innate Abilities, Weirdness & Mutations

You are immune to poison.
Your flesh is cold resistant. (rC+)
You are immune to negative energy. (rN+++)
You are immune to unholy pain and torment.
You are vulnerable to heat. (rF-)
You do not drink.


Message History

Natasha casts a spell.
Natasha mumbles some strange words.
You feel troubled.
Natasha mumbles some strange words.
There are monsters nearby!
You slash Natasha!
Natasha is almost dead.
You closely miss the crimson imp. Natasha claws you.
The crimson imp hits you but does no damage.
You are too injured to fight recklessly!
You are too injured to fight recklessly!
You are too injured to fight recklessly!
You are too injured to fight recklessly!
You are too injured to fight recklessly!
Unknown command.
You hit Natasha but do no damage.
Natasha is almost dead.
You hit the crimson imp but do no damage.
You closely miss the crimson imp.
The crimson imp blinks!
Natasha claws you.
* * * LOW HITPOINT WARNING * * *
You block the crimson imp's attack.
Unknown command.
You closely miss Natasha.
Natasha is almost dead.
You barely miss the crimson imp. Natasha claws you.
* * * LOW HITPOINT WARNING * * *
The crimson imp hits you but does no damage.
Natasha barely misses you. The crimson imp barely misses you.
Unknown command.
You completely miss Natasha.
Natasha is almost dead.
You hit the crimson imp. The crimson imp hits you.
* * * LOW HITPOINT WARNING * * *
Natasha claws you but does no damage.
Unknown command.
You closely miss Natasha.
Natasha is almost dead.
You slash the crimson imp! Natasha claws you but does no damage.
The crimson imp barely misses you.
The crimson imp blinks!
Natasha claws you!
You die...

#.# #####.# ...#.##
# #.....#
#.##..#..#
.........# #....h.#
#5.@§# #.###....#
#.#5.....#
#.#.#....#
#.#.#....#
#.#.#.#..#
#.#.#.#..# #
########.#...#..#
<.#............#..#


You could see Natasha and 2 crimson imps.

Vanquished Creatures
  A dart slug (D:1)
  3 endoplasms
  A giant cockroach (D:2)
  A goblin (D:1)
  A kobold (D:1)
  2 ball pythons (D:1)
  4 bats (D:1)
  A frilled lizard (D:1)
  5 rats
19 creatures vanquished.

Vanquished Creatures (others)
  A plant (D:1)
1 creature vanquished.

Grand Total: 20 creatures vanquished

Notes
Turn   | Place    | Note
-------+----------+-------------------------------------------
     0 | D:1      | grumblor the Mummy Fighter began the quest for the Orb.
     0 | D:1      | Reached XP level 1. HP: 18/18 MP: 1/1
   170 | D:1      | Reached XP level 2. HP: 24/24 MP: 2/2
  1170 | D:2      | Noticed Natasha
  1176 | D:2      | Noticed a crimson imp
  1176 | D:2      | Noticed a crimson imp
  1180 | D:2      | Slain by Natasha

Illustrated notes

Levels and vault maps discovered:
D:1:      kennysheep_arrival_seaside, layout_loops_cross
D:2:      layout_basic, shapermc_ecumenical_altar_acropolis, uniq_natasha,
          uniq_sigmund

Action                   || total
-------------------------++-------
Melee: War axe           ||    63
Armor: Scale mail        ||    41
Dodge: Dodged            ||    38
Block: Buckler           ||    15

Table legend: (Time is in decaauts)
 A = Elapsed time spent in this place.
 B = Non-inter-level travel time spent in this place.
 C = Inter-level travel time spent in this place.
 D = Time resting spent in this place.
 E = Time spent auto-exploring this place.
 F = Levels seen in this place.
 G = Mean time per level.
                   A        B        C        D        E       F      G
               +--------+--------+--------+--------+--------+-----+--------+
         Total |   1210 |   1158 |     52 |      0 |    977 |   2 |  605.0 |
       Dungeon |   1210 |   1158 |     52 |      0 |    977 |   2 |  605.0 |
               +--------+--------+--------+--------+--------+-----+--------+

Top non-repeatable levels by time:
     D:1: 968 daAuts
     D:2: 242 daAuts
